 Dungeon Crawl Stone Soup version 0.19.0-20-gbc5f0c6 (webtiles) character file.

30 Narcissus the Skirmisher (level 3, -7/43 HPs)
             Began as a Demonspawn Wanderer on Nov 16, 2016.
             Mangled by a goblin
             ... wielding a +0 club
             ... led by Robin
              (8 damage)
             ... on level 2 of the Dungeon.
             The game lasted 00:02:47 (1096 turns).

Narcissus the Skirmisher (Demonspawn Wanderer)      Turns: 1096, Time: 00:02:48

Health: -7/43      AC:  2    Str: 17 (18) XL:     3   Next: 5%
Magic:  3/3        EV: 17    Int: 13 (14) God:
Gold:   100        SH:  0    Dex: 15 (16) Spells: 0 memorised, 2 levels left

rFire  + . .     SeeInvis .     h - +0 short sword (vamp)
rCold  + . .     Gourm    .     e - +0 robe
rNeg   . . .     Faith    .     (no shield)
rPois  +         Spirit   .     (no helmet)
rElec  +         Reflect  .     (no cloak)
rCorr  +         Harm     .     (no gloves)
MR     .....                    (no boots)
Stlth  ..........               (no amulet)
                                (no ring)
                                (no ring)

@: agile, berserking, resistant, very quick
A: powered by pain 1
a: no special abilities


You were on level 2 of the Dungeon.
You were not hungry.

You visited 1 branch of the dungeon, and saw 2 of its levels.

You collected 100 gold pieces.

Inventory:

Hand Weapons
 a - a +2 dagger
 h - a +0 vampiric short sword (weapon)
Armour
 e - a +0 robe (worn)
 l - a +0 buckler
Scrolls
 b - a scroll of fear
 g - a scroll of teleportation {unknown}
 i - 2 scrolls of enchant armour {unknown}
 j - a scroll of amnesia {unknown}
 q - a scroll of identify {unknown}
Potions
 f - 2 potions of agility
Books
 c - Axublei's Tome of Displacement

   Spells                             Type                      Level
   a - Shroud of Golubria             Charms/Translocation         2
   b - Blink                          Translocation                2
 d - the Volume of Arcane Weapons

   Spells                             Type                      Level
   a - Magic Dart                     Conjuration                  1
   b - Stone Arrow                    Conjuration/Earth            3
Comestibles
 m - a slice of pizza
 p - a chunk of flesh


   Skills:
 + Level 3.0 Fighting
 - Level 1.0 Dodging
 - Level 2.6 Stealth
 - Level 1.0 Unarmed Combat
   Level 2.0 Conjurations
   Level 1.0 Translocations
   Level 1.0 Evocations


You had 2 spell levels left.
You didn't know any spells.

Dungeon Overview and Level Annotations

Branches:
Dungeon (2/15)

Altars:

Annotations:
D:2 Robin


Innate Abilities, Weirdness & Mutations

You sometimes gain a little power by taking damage.


Message History

* * * LOW HITPOINT WARNING * * *
It was a potion of agility.
You feel agile all of a sudden. The goblin hits you with a club.
* * * LOW HITPOINT WARNING * * *
The hobgoblin hits you with a club.
* * * LOW HITPOINT WARNING * * *
It was a potion of resistance.
You feel protected. The goblin barely misses you.
The hobgoblin hits you with a club.
* * * LOW HITPOINT WARNING * * *
It was a potion of degeneration.
There was something very wrong with that liquid.
You feel weakened.
You feel dopey.
You feel clumsy. The goblin closely misses you. The hobgoblin misses you.
It was a potion of berserk rage.
A red film seems to cover your vision as you go berserk!
You feel yourself moving faster!
You feel mighty! The goblin hits you with a club!
You die...

############
#.gg.....(.# #.....#
####g#####.##
#.@gg........
#g##.#####.## #.##.#
#.##.# .. #.##.# #.
#.##.#####.## #.
#.#......... #.#
#.#..#####.#
#.###.###.#........##


You could see Robin, 2 hobgoblins and a goblin.

Vanquished Creatures
  An ooze (D:1)
  A dart slug (D:1)
  A leopard gecko (D:1)
  4 bats
  2 giant cockroaches
  3 goblins
  3 hobgoblins
  A frilled lizard (D:1)
  2 kobolds
  5 rats
23 creatures vanquished.

Notes
Turn   | Place    | Note
-------+----------+-------------------------------------------
     0 | D:1      | Narcissus the Demonspawn Wanderer began the quest for the Orb.
     0 | D:1      | Narcissus set off with: a +2 dagger, a scroll of fear, Axublei's Tome of Displacement, the Volume of Arcane Weapons, a +0 robe, a bread ration
     0 | D:1      | Reached XP level 1. HP: 15/15 MP: 1/1
     0 | D:1      | Identified Axublei's Tome of Displacement
     0 | D:1      | Identified the Volume of Arcane Weapons
   257 | D:1      | Reached skill level 2 in Fighting
   257 | D:1      | Gained mutation: You sometimes gain a little power by taking damage. [demonic ancestry]
   257 | D:1      | Reached XP level 2. HP: 21/22 MP: 2/2
  1031 | D:2      | Reached skill level 3 in Fighting
  1031 | D:2      | Reached XP level 3. HP: 18/29 MP: 3/3
  1084 | D:2      | Noticed Robin
  1094 | D:2      | HP: 1/29 [hobgoblin/club[Robin] (4)]
  1096 | D:2      | Mangled by a goblin

Skill      XL: |  1  2 |
---------------+-------+-----
Fighting       | 2 3 |  3.0
Dodging        | |  1.0
Stealth        | |  2.6
Unarmed Combat | |  1.0
Conjurations   | |  2.0
Translocations | |  1.0
Evocations     | |  1.0

Action                   || total
-------------------------++-------
Melee: Dagger            ||    16
       Short sword       ||    68
  Use: Potion            ||     4
 Stab: Sleeping          ||     7
  Eat: Bread ration      ||     1
       Chunk             ||     1
Armor: Robe              ||    22
Dodge: Dodged            ||    38
